 Dungeon Crawl Stone Soup version 0.28-a0-1504-g839a4452db (webtiles) character file.

Game seed: 10550260039200661296

7499 Bapho the Grappler (level 10, -3/106 HPs)
             Began as a Troll Monk on Jan 13, 2022.
             Was an Initiate of Yredelemnul.
             Slain by an orc warrior (14 damage)
             ... on level 9 of the Dungeon.
             The game lasted 00:16:03 (8083 turns).

Bapho the Grappler (Troll Monk)                     Turns: 8083, Time: 00:16:04

Health: -3/106     AC:  5    Str: 23    XL:     10   Next: 95%
Magic:  15/15      EV: 10    Int: 14    God:    Yredelemnul [......]
Gold:   536        SH:  0    Dex: 12    Spells: 9/9 levels left

rFire   . . .      SeeInvis +     - Unarmed
rCold   . . .      Faith    .   (no shield)
rNeg    . . .      Spirit   .   a - +0 robe
rPois   .          Reflect  .   (helmet restricted)
rElec   .          Harm     .   z - +0 cloak
rCorr   .          Rampage  .   (gloves unavailable)
Will    .....                   (boots unavailable)
Stlth   ++........              (no amulet)
HPRegen 1.07/turn               d - ring of see invisible
MPRegen 0.14/turn               m - +6 ring of intelligence

@: no status effects
A: large, unfitting armour, claws 3, regeneration 1, shaggy fur 1, tough skin 1
a: Renounce Religion, Recall Undead Harvest


You were on level 9 of the Dungeon.
You worshipped Yredelemnul.
Yredelemnul was aware of your devotion.
You visited 2 branches of the dungeon, and saw 11 of its levels.

You collected 596 gold pieces.
You spent 60 gold pieces at shops.

Inventory:

Missiles
 i - 283 stones (quivered)
Armour
 a - a +0 robe (worn)
 z - a +0 cloak (worn)
Jewellery
 d - a ring of see invisible (left claw)
 m - a +6 ring of intelligence (right claw)
 x - a +4 ring of evasion
 F - a ring of fire
 G - a ring of magical power
Wands
 u - a wand of charming (8)
 A - a wand of mindburst (15)
 B - a wand of digging (6)
 D - a wand of flame (35)
Scrolls
 c - 3 scrolls of teleportation
 k - 2 scrolls of enchant weapon {unknown}
 n - 2 scrolls of magic mapping {unknown}
 r - 2 scrolls of blinking
 v - a scroll of silence {unknown}
 w - a scroll of identify {unknown}
 y - a scroll of fear
 E - 2 scrolls of amnesia {unknown}
Potions
 b - 4 potions of degeneration {unknown}
 e - a potion of haste {unknown}
 f - 2 potions of attraction {unknown}
 g - 2 potions of mutation {unknown}
 h - a potion of invisibility {unknown}
 j - 2 potions of curing
 l - 3 potions of brilliance {unknown}
 o - a potion of berserk rage {unknown}
 p - 2 potions of ambrosia {unknown}
 q - a potion of magic {unknown}
 s - a potion of might {unknown}
 t - a potion of resistance {unknown}
 C - a potion of cancellation {unknown}
 H - a potion of heal wounds {unknown}


   Skills:
 - Level 8.6 Fighting
 - Level 2.4 Dodging
 - Level 1.0 Stealth
 - Level 10.3 Unarmed Combat
 + Level 9.0 Invocations


You had 9 spell levels left.
You didn't know any spells.
Your spell library contained the following spells:

 Spells                   Type           Power      Damage    Failure   Level
 Confusing Touch          Hex            0%         N/A       65%         3
 Inner Flame              Hex/Fire       0%         N/A       65%         3
 Cause Fear               Hex            0%         N/A       96%         4
 Hailstorm                Conj/Ice       0%         3d3       96%         4
 Yara's Violent Unravell  Hex/Tmut       0%         3d3       100%        5
 Enfeeble                 Hex            0%         N/A       100%        7
 Discord                  Hex            0%         N/A       100%        8
 Summon Horrible Things   Summ           0%         N/A       100%        8


Dungeon Overview and Level Annotations

Branches:
Dungeon (10/15)            Temple (1/1) D:4
   Lair: D:8-11         Orc: D:9-12

Altars:
Ashenzari
Cheibriados
Dithmenos
Elyvilon
Fedhas
Gozag
Hepliaklqana
Kikubaaqudgha
Makhleb
Nemelex Xobeh
Okawaru
Qazlal
Ru
Sif Muna
Trog
Uskayaw
Vehumet
Wu Jian
Xom
Yredelemnul
Zin
The Shining One

Shops:
D:2 (*!(*   D:6 *


Innate Abilities, Weirdness & Mutations

You are too large for most types of armour.
You have claws for hands.
Your natural rate of healing is unusually fast.
You are covered in fur. (AC +1)
You have tough skin. (AC +1)


Message History

The acid dragon claws you.
The orc priest calls down the wrath of Beogh upon you.
Beogh smites you!
You mangle the acid dragon!!
The acid dragon is almost dead.
The acid dragon bites you! The acid dragon barely misses you.
You closely miss the acid dragon.
The acid dragon is almost dead.
The orc priest mumbles some strange prayers to Beogh against you.
Beogh smites you! The acid dragon bites you!
The acid dragon claws you but does no damage.
You scratch the acid dragon.
You kill the acid dragon!
The orc priest begins to cast a cantrip, but forgets the words!
The orc priest invokes the aid of Beogh against you.
Beogh smites you!
The orc warrior hits you with a +0 short sword!
The orc priest calls down the wrath of Beogh upon you.
Pain shoots through your body!
* * * LOW HITPOINT WARNING * * *
You climb upwards.
There is a stone staircase leading down, spattered with blood here.
Things that are here:
a +0 leather armour; a +0 short sword You claw the orc priest!
The orc priest is almost dead.
The orc warrior hits you with a +0 short sword!
* * * LOW HITPOINT WARNING * * *
You claw the orc priest!
You kill the orc priest!
A black mist starts to gather...
Your Invocations skill increases to level 9!
You closely miss the orc warrior.
The orc warrior hits you with a +0 short sword!
* * * LOW HITPOINT WARNING * * *
You claw the orc warrior!
The orc warrior is moderately wounded.
The orc warrior hits you with a +0 short sword!
You die...
Your body rises from the dead as a mindless zombie.

..)Z.....#.....#...'Z....+.......
##.###.###.....#.###.....####.###
Z....#.###.....#.######### #.#
##.#.#.#...........# #.#
#.#.#.#.######..#.# #.#
#...#Z#.##ZZ......# #.#
######.#.##.###.Z### #.# Z..#
#Z#.##.# #)o# #.# ##.# #Z#.##.#
#)@# #Z# #.# #.#Z##.####)## #.#
#Z###.#Z##.......# #Z#
#.Z.Z.#.#######..# #Z# ########.#
#..# #.# ..ZZ.....# #.^# #.#
########## #..###########.#
#....Z.ZZ......# #.##############


You could see an orc warrior (ally target) and a friendly orc priest zombie.

Vanquished Creatures
  2 two-headed ogres (D:10)
  A troll (D:10)
  3 slime creatures (D:7)
  2 wyverns
  4 yaks (D:10)
  An acid dragon (D:10)
  2 water moccasins
  3 orc warriors (D:9)
  A sky beast (D:7)
  3 ice beasts
  A necrophage (D:6)
  3 ogres
  2 centaurs
  A phantom (D:5)
  Blork the orc (D:5)
  5 bullfrogs
  3 kobold brigands
  A wyvern zombie (D:4)
  A scorpion (D:6)
  9 killer bees (D:8)
  5 howler monkeys
  3 hounds
  3 jellies
  Crazy Yiuf (D:7)
  4 orc priests
  4 iguanas
  Ijyb (D:5)
  3 orc wizards
  A scorpion zombie (D:5)
  A hound skeleton (D:4)
  A howler monkey zombie (D:9)
  2 howler monkey skeletons
  7 adders
  A shadow imp (D:3)
  2 white imps (D:6)
  An ufetubus (D:4)
  3 worms
  5 dart slugs
  21 orcs
  6 ball pythons
  7 endoplasms
  3 giant cockroaches
  3 goblins
  8 hobgoblins
  7 jackals
  15 kobolds
  5 quokkas
  9 bats
  3 frilled lizards
  A rat (D:1)
185 creatures vanquished.

Vanquished Creatures (collateral kills)
  3 slime creatures (D:7)
  A wraith (D:10)
  A black bear (D:6)
  A sky beast (D:8)
  A necrophage (D:7)
  A centaur (D:8)
  A centaur zombie (D:6)
  A bullfrog skeleton (D:6)
  An orc (D:6)
  An endoplasm (D:4)
  A jackal (D:4)
  A bush (D:8)
14 creatures vanquished.

Vanquished Creatures (others)
  An orc warrior (D:5)
  A troll zombie (D:10)
  2 spectral ice beasts (D:5)
  A yak zombie (D:10)
  2 centaur zombies
  A hound (D:5)
  An iguana (D:5)
  2 killer bee zombies (D:8)
  A necrophage zombie (D:7)
  A hound zombie (D:6)
  A worm zombie (D:5)
  An adder zombie (D:5)
  An iguana zombie (D:5)
  A jackal zombie (D:4)
  4 orc zombies
21 creatures vanquished.

Grand Total: 220 creatures vanquished

Notes
Turn   | Place    | Note
-------+----------+-------------------------------------------
     0 | D:1      | Bapho the Troll Monk began the quest for the Orb.
     0 | D:1      | Reached XP level 1. HP: 22/22 MP: 0/0
    70 | D:1      | Reached XP level 2. HP: 29/29 MP: 1/1
   279 | D:1      | Reached XP level 3. HP: 28/37 MP: 2/2
   291 | D:1      | Found a faded altar of an unknown god.
   551 | D:2      | Found Yjoloeh's Weapon Emporium.
   573 | D:2      | Reached skill level 4 in Unarmed Combat
   660 | D:2      | Found Rualloj's Distillery.
   666 | D:2      | Bought a potion of curing for 30 gold pieces
   740 | D:2      | Found Osugeshegip's Weapon Shop.
   747 | D:2      | Found Noss's General Store.
   783 | D:2      | Reached XP level 4. HP: 38/45 MP: 3/3
   987 | D:2      | Found Toirow's General Store.
  1002 | D:2      | Bought a scroll of teleportation for 30 gold pieces
  2000 | D:4      | Reached XP level 5. HP: 47/54 MP: 4/4
  2201 | D:4      | Reached skill level 5 in Unarmed Combat
  2229 | D:4      | Found a staircase to the Ecumenical Temple.
  2257 | D:4      | Reached XP level 6. HP: 56/63 MP: 5/5
  2272 | Temple   | Entered the Ecumenical Temple
  2419 | Temple   | Became a worshipper of Yredelemnul the Dark
  2419 | Temple   | Reached * piety under Yredelemnul
  2419 | Temple   | Reached ** piety under Yredelemnul
  2841 | D:5      | Entered Level 5 of the Dungeon
  2841 | D:5      | Noticed Blork the orc
  2859 | D:5      | Killed Blork the orc
  2860 | D:5      | Reached skill level 5 in Fighting
  2860 | D:5      | Reached skill level 6 in Unarmed Combat
  2860 | D:5      | Reached XP level 7. HP: 12/72 MP: 4/6
  3293 | D:5      | Found a shimmering altar of Xom.
  3320 | D:5      | Reached skill level 7 in Unarmed Combat
  3365 | D:5      | Found a glowing golden altar of the Shining One.
  3498 | D:5      | Reached XP level 8. HP: 81/83 MP: 7/7
  3794 | D:5      | Noticed Ijyb
  3806 | D:5      | Killed Ijyb
  4077 | D:6      | Found Giafuh's Assorted Antiques.
  4170 | D:6      | Reached skill level 8 in Unarmed Combat
  4556 | D:7      | Reached XP level 9. HP: 56/93 MP: 8/8
  4633 | D:7      | Found a runed translucent door.
  4634 | D:7      | Noticed Crazy Yiuf
  4687 | D:7      | Reached skill level 9 in Unarmed Combat
  4745 | D:7      | Reached *** piety under Yredelemnul
  4748 | D:7      | Reached **** piety under Yredelemnul
  4750 | D:7      | Reached skill level 10 in Unarmed Combat
  4842 | D:7      | Reached ***** piety under Yredelemnul
  5005 | D:7      | Reached skill level 1 in Invocations
  5234 | D:7      | Got Qyiciz's Disquisition on Companions and the Frostbite
  5273 | D:7      | Identified the +10 battleaxe "Tasory" {venom, Will+++ Str+6
                  | Stlth-}
  5501 | D:7      | Killed Crazy Yiuf
  5626 | D:8      | Reached XP level 10. HP: 90/106 MP: 11/11
  6309 | D:9      | Reached skill level 5 in Invocations
  7278 | D:10     | Entered Level 10 of the Dungeon
  7518 | D:10     | Noticed a two-headed ogre
  7528 | D:10     | Killed a two-headed ogre
  7581 | D:10     | Found a white marble altar of Elyvilon.
  7581 | D:10     | Found a shadowy altar of Dithmenos.
  7581 | D:10     | Noticed a two-headed ogre
  7609 | D:10     | Noticed a two-headed ogre
  7627 | D:10     | Killed a two-headed ogre
  7637 | D:10     | HP: 1/106 [orc warrior (7)]
  8083 | D:9      | Slain by an orc warrior

Illustrated notes

Levels and vault maps discovered:
D:1:      sevenhm_arrival_forest_fort_small_3, layout_basic,
          ebering_ecumenical_altar_petrified
D:2:      layout_basic, serial_shops, shop_statue, nicolae_diamond_shop, shop,
          nicolae_shop_temple_entry_statues_fountains, nicolae_shop_crystal,
          nrook_mini_vaults
D:3:      cheibrodos_helix_gallery, layout_basic
D:4:      layout_basic, minmay_temple_entry_ruins
D:5:      layout_basic, nicolae_tso_swordbearing_angel, xom_confusion_cloud,
          uniq_blork_the_orc, uniq_ijyb
D:6:      layout_basic, serial_shops, nicolae_shop_window_shopping,
          kennysheep_potato
D:7:      layout_loops_ring, uniq_crazy_yiuf_cottage
D:8:      layout_loops_cross, minmay_hedge_maze
D:9:      layout_basic
D:10:     layout_basic, jmf_multi_god_temple, erik_lair_dragon, david_orc_5,
          enter_trove_6
Temple:   mainiacjoe_temple_coin_purse

Skill      XL: |  1  2  3  4  5  6  7  8  9 10 |
---------------+-------------------------------+-----
Fighting       | 3 4 5 6 7 8 |  8.6
Unarmed Combat | 4 5 6 7 8 10 | 10.3
Invocations    | 3 9 |  9.0
Dodging        | |  2.4
Stealth        | |  1.0

Action                   |  1- 3 |  4- 6 |  7- 9 | 10-12 || total
-------------------------+-------+-------+-------+-------++-------
Melee: Unarmed           |    94 |   147 |   158 |   157 ||   556
       Punch             |     1 |     6 |     7 |    13 ||    27
Throw: Stone             |    10 |   101 |    65 |    22 ||   198
Invok: Recall Undead Har |       |     1 |       |     1 ||     2
       Dark Bargain      |       |       |     1 |       ||     1
  Use: Scroll            |       |     5 |       |       ||     5
 Stab: Sleeping          |     2 |       |     1 |       ||     3
       Distracted        |       |       |     2 |     2 ||     4
Armor: Robe              |    27 |    37 |    22 |    31 ||   117
Dodge: Dodged            |    57 |    71 |    59 |    91 ||   278

Table legend: (Time is in decaauts)
 A = Elapsed time spent in this place.
 B = Non-inter-level travel time spent in this place.
 C = Inter-level travel time spent in this place.
 D = Time resting spent in this place.
 E = Time spent auto-exploring this place.
 F = Levels seen in this place.
 G = Mean time per level.
                   A        B        C        D        E       F      G
               +--------+--------+--------+--------+--------+-----+--------+
         Total |   8029 |   7667 |    362 |    369 |   5837 |  11 |  729.9 |
       Dungeon |   7870 |   7540 |    330 |    369 |   5730 |  10 |  787.0 |
        Temple |    159 |    127 |     32 |      0 |    107 |   1 |  159.0 |
               +--------+--------+--------+--------+--------+-----+--------+

Top non-repeatable levels by time:
     D:9: 1383 daAuts
     D:5: 1054 daAuts
     D:7: 1042 daAuts
     D:3: 745 daAuts
     D:8: 735 daAuts
     D:2: 697 daAuts
     D:4: 682 daAuts
     D:6: 602 daAuts
     D:1: 546 daAuts
    D:10: 381 daAuts
  Temple: 159 daAuts
